[Event "Team 45 45 League T37"]
[Site "Internet Chess Club"]
[Date "2008.05.08"]
[Round "3"]
[White "fishhead"]
[Black "QueensCounselor"]
[Result "0-1"]
[WhiteElo "1950"]
[BlackElo "1852"]
[Opening "Petrov: Cochrane gambit"]
[ECO "C42"]
[Time "13:57:27"]
[TimeControl "2700+45"]

1. e4 e5 2. Nf3 Nf6 3. Nxe5 d6 4. Nxf7 Kxf7 5. Bc4+ d5 6. exd5 Qe8+ 7. Qe2 Bd6
8. d4 Qxe2+ 9. Kxe2 Re8+ 10. Be3 Bf5 11. Bb3 Nbd7 12. h3 Be4 13. c4 Bxg2 14. Nc3
Bxh1 15. Rxh1 Bf4 16. Kd3 Nh5 17. c5 Kf8 18. Rg1 Rad8 19. Rg4 Bxe3 20. fxe3 a6
21. Rg1 Ndf6 22. Rf1 Ke7 23. e4 g5 24. e5 Nf4+ 25. Rxf4 gxf4 26. d6+ cxd6 27.
cxd6+ Kf8 28. exf6 Re3+ 29. Kd2 Rxd6 30. Nd5 Rxb3 {White resigns} 0-1

[Event "Team 45 45 League T37"]
[Site "Internet Chess Club"]
[Date "2008.05.10"]
[Round "3"]
[White "Steinwitz"]
[Black "CREDITorDEBIT"]
[Result "1-0"]
[WhiteElo "1785"]
[BlackElo "1716"]
[Opening "Sicilian: Najdorf, Lipnitzky attack"]
[ECO "B90"]
[Time "15:04:22"]
[TimeControl "2700+45"]

1. e4 c5 2. Nf3 d6 3. d4 cxd4 4. Nxd4 Nf6 5. Nc3 a6 6. Bc4 Nc6 7. O-O g6 8. Nxc6
bxc6 9. Qf3 Bg7 10. e5 dxe5 11. Qxc6+ Bd7 12. Qf3 O-O 13. Bg5 Qc7 14. Bb3 Bc6
15. Qg3 Nh5 16. Qg4 h6 17. Bxh6 e6 18. Bxg7 Kxg7 19. Rfe1 Rh8 20. g3 Rad8 21.
Qe2 f6 22. Bxe6 Qb7 23. Bb3 Nf4 24. gxf4 Rxh2 25. Kxh2 Rh8+ 26. Kg3 exf4+ 27.
Kxf4 Qc7+ 28. Ke3 Rd8 29. Qc4 Qe5+ 30. Ne4 Bd5 31. Qd4 Qe6 32. Qxf6+ Qxf6 33.
Nxf6 Kxf6 34. Bxd5 Rxd5 35. Rad1 Ra5 36. a3 Kf5 37. Kd2 Kf4 38. Kc1 Kf3 39. Re6
g5 40. Red6 g4 41. R6d5 Rxd5 42. Rxd5 Kxf2 43. c4 {Black resigns} 1-0

[Event "Team 45 45 League T37"]
[Site "Internet Chess Club"]
[Date "2008.05.10"]
[Round "3"]
[White "Mater"]
[Black "hansolo1000"]
[Result "0-1"]
[WhiteElo "1661"]
[BlackElo "1763"]
[Opening "Queen's pawn game"]
[ECO "E10"]
[Time "21:02:33"]
[TimeControl "2700+45"]

1. d4 Nf6 2. c4 e6 3. Nf3 Be7 4. Nc3 d5 5. e3 Nbd7 6. cxd5 exd5 7. Bd3 O-O 8.
O-O Re8 9. a3 c6 10. Qc2 Nf8 11. e4 dxe4 12. Nxe4 Nxe4 13. Bxe4 Bf6 14. Rb1 Bxd4
15. Nxd4 Qxd4 16. Bd3 Bg4 17. b4 Rad8 18. Rb3 Be6 19. Rc3 Bd5 20. Bf5 Be4 21.
Bxe4 Qxe4 22. Qb3 Qd5 23. Bb2 Qxb3 24. Rxb3 Re2 25. Ba1 Red2 26. Rg3 Ne6 27. Bc3
R2d3 28. Rxd3 Rxd3 29. Bb2 Rb3 30. Bc1 Rb1 31. Re1 Kf8 32. Kf1 Nd4 33. Be3 Rxe1+
34. Kxe1 Nc2+ 35. Ke2 Nxe3 36. Kxe3 Ke7 37. Kd4 Kd6 38. a4 b6 39. Kc4 f5 40. f4
g6 41. g3 h6 42. h4 h5 43. a5 bxa5 44. bxa5 a6 45. Kd4 c5+ 46. Kc4 Kc6 47. Kd3
Kb5 {White resigns} 0-1

[Event "Team 45 45 League T37"]
[Site "Internet Chess Club"]
[Date "2008.05.16"]
[Round "3"]
[White "Beancounter"]
[Black "kwameh72"]
[Result "1-0"]
[WhiteElo "1718"]
[BlackElo "1571"]
[Opening "Dutch"]
[ECO "A87"]
[Time "17:57:07"]
[TimeControl "2700+45"]

1. d4 f5 2. Nf3 Nf6 3. g3 g6 4. Bg2 Bg7 5. O-O O-O 6. c4 Nc6 7. d5 Nb8 8. Nc3 e6
9. e4 d6 10. exf5 exf5 11. Ng5 h6 12. Ne6 Bxe6 13. dxe6 c6 14. Re1 Re8 15. Bf4
Qb6 16. Bxd6 Ng4 17. Qe2 Nxf2 18. c5 Qb4 19. Kxf2 Nd7 20. a3 Bd4+ 21. Kf1 Qb3
22. Qd3 Bxc5 23. exd7 Rxe1+ 24. Rxe1 {Black resigns} 1-0

[Event "Team 45 45 League T37"]
[Site "Internet Chess Club"]
[Date "2008.05.12"]
[Round "3"]
[White "jesterday"]
[Black "TheIdeal"]
[Result "1/2-1/2"]
[WhiteElo "1964"]
[BlackElo "1861"]
[Opening "Owen defense"]
[ECO "B00"]
[Time "14:00:41"]
[TimeControl "2700+45"]

1. e4 b6 2. d4 Bb7 3. Nc3 e6 4. Nf3 Bb4 5. Bd3 Nf6 6. Qe2 Bxc3+ 7. bxc3 d6 8.
Bg5 h6 9. Bh4 Nbd7 10. O-O O-O 11. Kh1 c5 12. e5 dxe5 13. dxe5 Bxf3 14. gxf3 g5
15. exf6 Qxf6 16. Bg3 Rad8 17. Rg1 Qxc3 18. h4 Kg7 19. Qe4 Rh8 20. Bb5 Nf6 21.
Be5 Qd2 22. Bd3 Rd5 23. f4 Qxf2 24. fxg5 hxg5 25. Bxf6+ Qxf6 26. Raf1 Rd4 27.
Rxf6 Rxe4 28. Bxe4 Rxh4+ 29. Kg2 Kxf6 30. Kf3 Rh3+ 31. Ke2 Ke5 32. Bd3 f6 33. a4
Rh4 34. Bb5 Re4+ 35. Kd2 Rd4+ 36. Kc1 Re4 37. c3 g4 38. Rd1 a6 39. Bc6 Re2 40.
Rd7 g3 41. Rg7 Kf4 42. Kd1 Rf2 43. Rg6 f5 44. Rxe6 g2 45. Bxg2 Rxg2 46. Rxb6 Ke3
47. Rxa6 Kd3 48. Ke1 c4 49. a5 Ra2 50. Ra8 Kxc3 51. a6 Kd3 52. a7 Kc3 53. Kf1 f4
54. Ke1 Kc2 55. Ke2 c3 56. Kf3 Ra4 57. Kg4 Kc1 58. Rc8 Rxa7 59. Rxc3+ Kd2 60.
Rf3 Rg7+ 61. Kxf4 Rf7+ 62. Kg4 Rxf3 63. Kxf3 {Game drawn because neither player
has mating material} 1/2-1/2

[Event "Team 45 45 League T37"]
[Site "Internet Chess Club"]
[Date "2008.05.08"]
[Round "3"]
[White "ghostfire"]
[Black "makito"]
[Result "1-0"]
[WhiteElo "1815"]
[BlackElo "1714"]
[Opening "Petrov: Nimzovich attack"]
[ECO "C42"]
[Time "12:03:08"]
[TimeControl "2700+45"]

1. e4 e5 2. Nf3 Nf6 3. Nxe5 d6 4. Nf3 Nxe4 5. Nc3 Bf5 6. Qe2 Qe7 7. Nd5 Qd8 8.
d3 c6 9. Nc3 d5 10. dxe4 dxe4 11. Nxe4 Be7 12. Ng3 Bg4 13. h3 Be6 14. Qe4 Bd5
15. Qg4 Bf6 16. Bd3 Qe7+ 17. Ne2 Nd7 18. O-O O-O-O 19. Re1 Be6 20. Qa4 Kb8 21.
Nf4 Nc5 22. Qa3 Nxd3 23. Qxe7 Bxe7 24. Nxd3 h6 25. Bf4+ Kc8 26. Be3 b6 27. b3
Bf6 28. Rad1 Rhe8 29. Nf4 Bf5 30. Nd3 Be4 31. Nh2 Bc3 32. Bd2 Bf6 33. Ng4 Bxd3
34. Rxe8 Rxe8 35. Nxf6 gxf6 36. cxd3 Rh8 37. Bc3 Re8 38. Bxf6 Kd7 39. Kf1 Re6
40. Bh4 Rd6 41. Ke2 Rd4 42. Bg3 a6 43. Kd2 b5 44. Re1 c5 45. Re4 Rd5 46. Rh4 h5
47. Re4 Rf5 48. Rf4 Rxf4 49. Bxf4 Ke6 50. Ke3 Kf5 51. Bd6 {Black resigns} 1-0

[Event "Team 45 45 League T37"]
[Site "Internet Chess Club"]
[Date "2008.05.11"]
[Round "3"]
[White "incachess"]
[Black "Rainbird"]
[Result "1/2-1/2"]
[WhiteElo "1640"]
[BlackElo "1783"]
[Opening "Mieses opening"]
[ECO "A00"]
[Time "09:04:51"]
[TimeControl "2700+45"]

1. d3 d5 2. g3 Nf6 3. Bg2 g6 4. Nd2 Bg7 5. c4 O-O 6. cxd5 Nxd5 7. a3 Nc6 8. Ngf3
h6 9. O-O Be6 10. Qc2 Ne5 11. Rd1 c6 12. Nxe5 Bxe5 13. Nf3 Bg7 14. e3 Qc7 15. d4
Rac8 16. b4 c5 17. Qxc5 Qxc5 18. bxc5 Rxc5 19. dxc5 Bxa1 20. e4 Nf6 21. Bxh6 Bb2
22. Bxf8 Kxf8 23. a4 Nxe4 24. Nd4 Nxc5 25. Nxe6+ fxe6 26. Bxb7 Nxb7 27. Rb1 Nc5
28. Rxb2 Nxa4 29. Ra2 Nc3 30. Rxa7 Kf7 31. Kg2 Kf6 32. Kf3 Nd5 33. Ra8 Kf7 34.
Ke4 Nf6+ 35. Kf3 Nd5 36. h3 Nf6 37. Kf4 Kg7 38. Ke5 Kf7 39. Ra6 Nd7+ 40. Kf4 Nf6
41. h4 Nd7 42. g4 Nc5 43. Ra3 Nd7 44. Kg5 Nf6 45. h5 gxh5 46. gxh5 Kg7 47. Re3
Nh7+ 48. Kh4 Nf8 49. Rg3+ Kh6 50. Rf3 Kg7 51. Kg4 Nd7 52. Kf4 Kh6 53. Rh3 Nf6
54. Ke5 Ng4+ 55. Kxe6 Nxf2 56. Rh2 Ng4 57. Rh1 Nf6 58. Kxe7 Nxh5 59. Ke6 Kg5 60.
Rg1+ Kh4 61. Kf5 Ng3+ 62. Ke5 Kg4 63. Rg2 Kf3 64. Ra2 Kg4 65. Ra4+ Kf3 66. Rf4+
Kg2 67. Rf8 Kh3 68. Kf4 Ne2+ 69. Kf3 Nd4+ 70. Ke4 Ne6 71. Rh8+ Kg3 72. Ke5 Nc5
73. Rc8 Nd3+ 74. Kd4 Nf4 75. Ke4 Ne6 76. Rg8+ Kf2 77. Ke5 Nc5 78. Rd8 Ke3 79.
Kd5 Nd3 80. Re8+ Kd2 81. Rd8 Ke3 82. Ra8 Nf4+ 83. Ke5 Nd3+ 84. Kf5 Kd4 85. Ra4+
Kc3 86. Ra3+ Kd4 {Game drawn by mutual agreement} 1/2-1/2

[Event "Team 45 45 League T37"]
[Site "Internet Chess Club"]
[Date "2008.05.11"]
[Round "3"]
[White "Konstantinos"]
[Black "Orinal"]
[Result "1/2-1/2"]
[WhiteElo "1638"]
[BlackElo "1329"]
[Opening "QGD semi-Slav: Meran, 8...a6"]
[ECO "D48"]
[Time "06:00:52"]
[TimeControl "2700+45"]

1. d4 d5 2. c4 e6 3. Nc3 Nf6 4. Nf3 c6 5. e3 Nbd7 6. Be2 dxc4 7. Bxc4 b5 8. Bd3
a6 9. O-O c5 10. dxc5 Bxc5 11. b3 O-O 12. Bb2 Bb7 13. Qe2 Bxf3 14. gxf3 Qb6 15.
Ne4 Be7 16. Kh1 Qb7 17. Rac1 Rac8 18. Rg1 Rxc1 19. Rxc1 Rc8 20. Rxc8+ Qxc8 21.
Qc2 Qb7 22. Nxf6+ Nxf6 23. Kg2 h6 24. Qc3 Bd6 25. h3 Qc7 26. Qxc7 Bxc7 27. a4
bxa4 28. Bxa6 axb3 29. Bc4 Nd5 30. Bxb3 Bb6 31. f4 Kh7 32. f5 g6 33. fxe6 fxe6
34. Kf3 Kg8 35. Ke4 Nc7 36. Ke5 Kf7 37. Kd6 g5 38. Be5 Ba5 39. Kd7 Nd5 40. f4
Nxe3 41. Bxe6+ Kg6 42. Ba2 gxf4 43. Bxf4 Ng2 44. Bb1+ Kh5 45. Bg3 Be1 46. Bd6
Bd2 47. Be7 Nf4 48. Bf5 Nd5 49. Bd8 Bg5 50. Bg4+ Kh4 51. Bxg5+ hxg5 52. Kd6 Nf4
53. Ke5 Nxh3 54. Kf5 Nf2 55. Be2 Nh1 56. Kg6 Ng3 57. Bf3 Nf1 58. Be2 Nd2 59. Kf5
Nb3 60. Bd1 Nd4+ 61. Ke4 Ne6 62. Kf5 Nc5 63. Bc2 g4 64. Bd1 g3 65. Bf3 Nd3 66.
Ke4 Nf2+ 67. Kf4 Kh3 68. Ba8 Kh2 69. Bb7 Nd3+ 70. Kg4 Ne5+ 71. Kf4 Nc4 72. Kg4
Nd2 73. Kf4 Nf1 74. Kg4 Kg1 75. Kh3 Kf2 76. Bc6 Nd2 77. Bh1 Nf3 78. Kg4 Ng1 79.
Kf4 Ne2+ 80. Kg4 Nc3 81. Kf4 Nd5+ 82. Bxd5 g2 83. Bxg2 {Game drawn because
neither player has mating material} 1/2-1/2

[Event "Team 45 45 League T37"]
[Site "Internet Chess Club"]
[Date "2008.05.10"]
[Round "3"]
[White "xakelari"]
[Black "alastorx"]
[Result "1-0"]
[WhiteElo "2050"]
[BlackElo "1887"]
[Opening "Scandinavian (center counter) defense"]
[ECO "B01"]
[Time "11:18:22"]
[TimeControl "2700+45"]

1. e4 d5 2. exd5 Qxd5 3. Nc3 Qa5 4. d4 Nf6 5. Nf3 Nc6 6. Bd2 a6 7. Bc4 Qh5 8.
Ne5 Qxd1+ 9. Rxd1 e6 10. Nxc6 bxc6 11. Na4 Rb8 12. O-O Nd7 13. Rfe1 Bd6 14. Bb3
O-O 15. Be3 Nb6 16. Bc1 Nxa4 17. Bxa4 c5 18. c3 cxd4 19. Rxd4 Bb7 20. Bc2 Rfd8
21. Red1 Bd5 22. b3 Be5 23. R4d3 Bf6 24. c4 Bb7 25. Rd7 Rxd7 26. Rxd7 Be5 27.
Ba3 Bc6 28. Rd1 f6 29. f3 Kf7 30. Kf2 g6 31. g3 f5 32. Bc5 Bf6 33. Be3 Rd8 34.
Bf4 Rxd1 35. Bxd1 e5 36. Bd2 e4 37. Bf4 Bd8 38. Ke3 Ke6 39. fxe4 g5 40. exf5+
Kxf5 41. g4+ Ke6 42. Bg3 Bg2 43. Bc2 h6 44. Bf5+ Kf6 45. Kd4 c6 46. Be5+ Kf7 47.
Be4 Bb6+ 48. Kd3 Bf1+ 49. Kc3 c5 50. Kd2 Bh3 51. Bf3 Bf1 52. Ke3 a5 53. Bd5+ Kg6
54. Be4+ Kf7 55. Kf2 Bh3 56. Bf3 Kg6 57. Be2 {Black resigns} 1-0

[Event "Team 45 45 League T37"]
[Site "Internet Chess Club"]
[Date "2008.05.09"]
[Round "3"]
[White "chinta"]
[Black "Stav"]
[Result "0-1"]
[WhiteElo "1645"]
[BlackElo "1771"]
[Opening "Pirc defense"]
[ECO "B07"]
[Time "16:01:35"]
[TimeControl "2700+45"]

1. e4 d6 2. d4 Nf6 3. Bd3 e5 4. Ne2 Be7 5. O-O O-O 6. Nbc3 c6 7. f4 Nbd7 8. f5
b5 9. d5 cxd5 10. Bxb5 dxe4 11. Kh1 Bb7 12. Ng3 d5 13. Bg5 Nb6 14. Qe2 a6 15.
Ba4 d4 16. Bxf6 Bxf6 17. Ncxe4 Nxa4 18. Nxf6+ Qxf6 19. Nh5 Qg5 20. Rf3 Qxh5 21.
Raf1 Bxf3 22. Rxf3 f6 23. Qc4+ Qf7 24. Qxa4 Rfe8 25. h4 Qd5 26. h5 h6 27. Rg3 e4
28. Qa5 Qxa5 {White resigns} 0-1

[Event "Team 45 45 League T37"]
[Site "Internet Chess Club"]
[Date "2008.05.12"]
[Round "3"]
[White "IceBox"]
[Black "NFK"]
[Result "1-0"]
[WhiteElo "1732"]
[BlackElo "1629"]
[Opening "Budapest: Adler variation"]
[ECO "A52"]
[Time "14:02:52"]
[TimeControl "2700+45"]

1. d4 Nf6 2. c4 e5 3. dxe5 Ng4 4. Nf3 Nc6 5. Bf4 Bb4+ 6. Nc3 Qe7 7. Qd5 Bxc3+ 8.
bxc3 Qa3 9. Qd2 Qc5 10. e3 Ngxe5 11. Nxe5 Nxe5 12. Qd5 Qxd5 13. cxd5 d6 14. Bb5+
Bd7 15. Be2 Ng6 16. Bg3 O-O 17. O-O Rfe8 18. Bd3 Ne5 19. Bc2 a5 20. Rfe1 a4 21.
f4 Nc4 22. e4 f6 23. Bd3 Nb2 24. Bc2 a3 25. e5 fxe5 26. fxe5 dxe5 27. Bxe5 c6
28. dxc6 Bxc6 29. Bb3+ Kh8 30. Bd6 Red8 31. Re6 Bb5 32. Rae1 Bc4 33. Bxc4 Nxc4
34. Bb4 h6 35. R6e4 b5 36. Rd4 Rxd4 37. cxd4 Rd8 38. Rd1 Rd5 39. Bc5 Kh7 40. Rd3
Rd7 41. Rb3 Rb7 42. Bxa3 Nxa3 43. Rxa3 Kg6 44. Kf2 Kf5 45. Kf3 h5 46. Rb3 g5 47.
a4 g4+ 48. Kf2 Ke4 49. Rxb5 Rf7+ 50. Kg3 Kxd4 51. Rxh5 Ke3 52. a5 Rf4 53. Re5+
{Black resigns} 1-0

[Event "Team 45 45 League T37"]
[Site "Internet Chess Club"]
[Date "2008.05.11"]
[Round "3"]
[White "BrerRabbit"]
[Black "Juan73"]
[Result "1-0"]
[WhiteElo "1595"]
[BlackElo "1603"]
[Opening "QGD: Chigorin defense"]
[ECO "D07"]
[Time "19:16:23"]
[TimeControl "2700+45"]

1. d4 d5 2. c4 Nc6 3. Nf3 Bf5 4. cxd5 Qxd5 5. Nc3 Qd7 6. e4 Bg4 7. d5 Ne5 8.
Nxe5 Bxd1 9. Nxd7 Bg4 10. Nxf8 h6 11. Be2 h5 12. Bb5+ Kxf8 13. h3 Bc8 14. Bf4 a6
15. Be2 c6 16. dxc6 bxc6 17. Na4 Bb7 18. Nc5 Bc8 19. O-O f6 20. Rfd1 e5 21. Be3
Ke7 22. Rac1 g5 23. Rd2 Nh6 24. Rcd1 f5 25. exf5 Nxf5 26. Bxg5+ Kf7 27. Bc4+ Kg6
28. Be3 Rb8 29. b3 Nxe3 30. fxe3 Kg7 31. Rd8 Bf5 32. Rxb8 Rxb8 33. Rd6 a5 34.
Rxc6 Bb1 35. a4 Rd8 36. Ne6+ Kf6 37. Nxd8+ Kf5 38. Bd5 e4 39. Rc5 Kf6 40. Rxa5
Ke7 41. Nc6+ Kd6 42. Nd4 {Black resigns} 1-0

[Event "Team 45 45 League T37"]
[Site "Internet Chess Club"]
[Date "2008.05.08"]
[Round "3"]
[White "cocio"]
[Black "Gail"]
[Result "0-1"]
[WhiteElo "2154"]
[BlackElo "2433"]
[Opening "Sicilian: Boleslavsky variation, 7.Nb3"]
[ECO "B59"]
[Time "09:42:09"]
[TimeControl "2700+45"]

1. e4 c5 2. Nf3 Nc6 3. d4 cxd4 4. Nxd4 Nf6 5. Nc3 d6 6. Be2 e5 7. Nb3 Be7 8. O-O
O-O 9. Bg5 Nxe4 10. Bxe7 Nxc3 11. Bxd8 Nxd1 12. Bc7 Nxb2 13. Bxd6 Rd8 14. Ba3
Na4 15. Bb5 Nc3 16. Bxc6 bxc6 17. Bb2 Ne2+ 18. Kh1 f6 19. g3 Be6 20. f3 a5 21.
Rae1 Bc4 22. Rf2 a4 23. Nc5 Rd2 {White resigns} 0-1

[Event "Team 45 45 League T37"]
[Site "Internet Chess Club"]
[Date "2008.05.11"]
[Round "3"]
[White "DocHoliday"]
[Black "syy89"]
[Result "0-1"]
[WhiteElo "1865"]
[BlackElo "2121"]
[Opening "English: Anglo-Dutch defense"]
[ECO "A10"]
[Time "13:56:03"]
[TimeControl "2700+45"]

1. c4 f5 2. Nc3 Nf6 3. Nf3 g6 4. g3 Bg7 5. Bg2 d6 6. d3 O-O 7. O-O c6 8. Rb1 Qe8
9. b4 Na6 10. Bg5 Bd7 11. Qc2 Nh5 12. b5 Nc7 13. bxc6 bxc6 14. Rb7 Ne6 15. Bd2
Nc5 16. Rbb1 e5 17. e4 f4 18. Ne2 Bh6 19. h3 g5 20. g4 Nf6 21. Nh2 Bg7 22. Bf3
h5 23. gxh5 Bxh3 24. Rfe1 g4 25. Bh1 Nxh5 26. Bb4 f3 27. Nc1 g3 28. Nxf3 g2 29.
Bxg2 Bxg2 30. Kxg2 Qg6+ 31. Kh2 Rxf3 32. Bxc5 Nf4 {White resigns} 0-1

[Event "Team 45 45 League T37"]
[Site "Internet Chess Club"]
[Date "2008.05.18"]
[Round "3"]
[White "elnik"]
[Black "Nosferatu1"]
[Result "1-0"]
[WhiteElo "1956"]
[BlackElo "1845"]
[Opening "QGD: exchange, positional line"]
[ECO "D35"]
[Time "19:58:34"]
[TimeControl "2700+45"]

1. d4 d5 2. c4 e6 3. Nc3 Nf6 4. cxd5 exd5 5. Bg5 Be7 6. e3 h6 7. Bh4 O-O 8. Qc2
c6 9. Bd3 Na6 10. a3 Nc7 11. Nf3 Nce8 12. O-O Nh5 13. Bxe7 Qxe7 14. Rae1 Qd6 15.
Ne5 Nhf6 16. f4 Ng4 17. h3 Nxe5 18. fxe5 Qe7 19. Rf4 Qg5 20. Kh1 Be6 21. Na4 Qg3
22. Qe2 b6 23. Ref1 Bxh3 24. R4f3 Bxg2+ 25. Qxg2 Qxg2+ 26. Kxg2 Rc8 27. Rc1 b5
28. Nc5 Rc7 29. Na6 Rc8 30. Bxb5 Nc7 31. Bd3 Nxa6 32. Bxa6 Rc7 33. b4 Rb8 34.
Rf2 Rb6 35. b5 Re7 36. Rxc6 Re6 37. Rc7 f6 38. exf6 gxf6 39. Kf3 Re4 40. Rg2+
Kf8 41. Rc6 Kf7 42. Rxb6 axb6 43. Rc2 h5 44. Bb7 Re7 45. Bxd5+ Kg6 {Black
resigns} 1-0

[Event "Team 45 45 League T37"]
[Site "Internet Chess Club"]
[Date "2008.05.10"]
[Round "3"]
[White "kabindra"]
[Black "deathmage"]
[Result "1-0"]
[WhiteElo "1793"]
[BlackElo "1665"]
[Opening "French: Tarrasch, open variation, main line"]
[ECO "C09"]
[Time "15:03:59"]
[TimeControl "2700+45"]

1. e4 e6 2. d4 d5 3. Nd2 c5 4. Ngf3 Nc6 5. exd5 exd5 6. dxc5 Bxc5 7. Nb3 Bb6 8.
Bb5 Nf6 9. Qe2+ Be6 10. Nbd4 Qd7 11. Nxc6 bxc6 12. Ne5 Qc7 13. Bxc6+ Ke7 14.
Bxa8 Rxa8 15. Bf4 Ba5+ 16. c3 Bxc3+ 17. Kf1 Bxe5 18. Qxe5 Qc4+ 19. Kg1 Rc8 20.
Qd6+ Ke8 21. h3 Ne4 22. Qe5 Qe2 23. Be3 Rc2 24. Qxg7 Nxf2 25. Bxf2 Qxf2+ 26. Kh2
Qf3 27. Qg3 Rxg2+ 28. Qxg2 Qf4+ 29. Kg1 d4 30. Re1 Kf8 31. Rh2 d3 32. Qf2 Qg5+
33. Rg2 Qd5 34. Qe3 Qd7 35. Qc5+ {Black resigns} 1-0

[Event "Team 45 45 League T37"]
[Site "Internet Chess Club"]
[Date "2008.05.11"]
[Round "3"]
[White "therealwizard"]
[Black "kolibandi"]
[Result "1-0"]
[WhiteElo "2177"]
[BlackElo "2053"]
[Opening "QGD Slav: 4.Nc3"]
[ECO "D15"]
[Time "09:04:11"]
[TimeControl "2700+45"]

1. d4 d5 2. Nf3 Nf6 3. c4 c6 4. Nc3 a6 5. e3 Bf5 6. Qb3 Ra7 7. Nh4 Bg6 8. Nxg6
hxg6 9. Be2 e6 10. cxd5 cxd5 11. Bd2 Nc6 12. Rc1 Bd6 13. h3 O-O 14. O-O g5 15.
Rfd1 g6 16. Na4 Kg7 17. Nc5 Qe7 18. a4 Rh8 19. Bf3 Rh4 20. Be1 Bb8 21. Rc2 Qc7
22. Kf1 g4 23. hxg4 Nxg4 24. Bxg4 Rxg4 25. f3 Rg5 26. f4 Rh5 27. g4 Rh7 28. Rdc1
Qe7 29. Qc3 Nd8 30. a5 g5 31. Bg3 Rh1+ 32. Kg2 Rxc1 33. Rxc1 gxf4 34. exf4 Bd6
35. Rh1 Qf6 36. Nd7 Qg6 37. f5 exf5 38. Bxd6 Qxd6 39. Qh3 {Black resigns} 1-0

[Event "Team 45 45 League T37"]
[Site "Internet Chess Club"]
[Date "2008.05.11"]
[Round "3"]
[White "bobhill"]
[Black "Fezzik"]
[Result "1-0"]
[WhiteElo "2029"]
[BlackElo "2041"]
[Opening "Torre attack (Tartakower variation)"]
[ECO "D03"]
[Time "23:10:37"]
[TimeControl "2700+45"]

1. d4 d5 2. Nf3 Nf6 3. Bg5 c6 4. e3 Qb6 5. Nbd2 Bf5 6. Bd3 Ne4 7. Bxe4 dxe4 8.
Nh4 Be6 9. Nxe4 Nd7 10. Bf4 Bc4 11. b3 Bd5 12. Nd2 h6 13. Nhf3 Nf6 14. O-O Ne4
15. c4 Nxd2 16. Nxd2 Be6 17. Ne4 Bf5 18. Nc5 e6 19. Nd3 Be7 20. Ne5 Bf6 21. Qf3
Bxe5 22. Bxe5 O-O 23. Qg3 Bg6 24. Bc7 Qa6 25. Be5 Qb6 26. h4 h5 27. Bc7 Qa6 28.
f4 Kh7 29. Qf3 Rac8 30. Bd6 Rfd8 31. c5 Qd3 32. Rf2 Qe4 33. Qg3 f6 34. Kh2 Rd7
35. Raf1 Qd5 36. Qf3 Be4 37. Qe2 Qf5 38. Rg1 Qg4 39. Qxg4 hxg4 40. Kg3 f5 41. b4
a6 42. Rb2 Kg6 43. a4 Ra8 44. Rh1 Kh5 45. Be5 Bd5 46. Rc1 Be4 47. Kf2 Bd5 48. g3
Be4 49. Ke1 Bd5 50. Kd2 Be4 51. Kc3 Bd5 52. Ra1 Rf7 53. Ra3 Rd7 54. Rb1 Kg6 55.
Rba1 Bf3 56. b5 axb5 57. axb5 Rxa3+ 58. Rxa3 cxb5 59. Kb4 Bc6 60. Ra8 Kh7 61.
Bd6 Kg6 62. Rh8 Kf6 63. h5 Kf7 64. Rf8# {Black checkmated} 1-0

[Event "Team 45 45 League T37"]
[Site "Internet Chess Club"]
[Date "2008.05.08"]
[Round "3"]
[White "room-matt"]
[Black "FiendAngelical"]
[Result "0-1"]
[WhiteElo "1773"]
[BlackElo "1918"]
[Opening "Sicilian: closed, 6.Be3"]
[ECO "B26"]
[Time "14:28:35"]
[TimeControl "2700+45"]

1. e4 c5 2. Nc3 Nc6 3. g3 g6 4. Bg2 Bg7 5. d3 d6 6. Be3 Rb8 7. Qd2 b5 8. Nge2
Nd4 9. O-O h5 10. Rab1 b4 11. Nd5 Nxe2+ 12. Qxe2 e6 13. Nf4 Ne7 14. Qd2 Nc6 15.
Ne2 h4 16. d4 h3 17. Bf3 Qf6 18. Bh1 cxd4 19. Nxd4 Nxd4 20. Bxd4 Qxd4 21. Rfd1
Qxd2 22. Rxd2 Ke7 23. f4 Rb6 24. Bf3 Bb7 25. g4 f5 26. gxf5 gxf5 27. Re2 Rg8 28.
Kh1 Bh6 29. Rd1 Bxf4 {White resigns} 0-1

[Event "Team 45 45 League T37"]
[Site "Internet Chess Club"]
[Date "2008.05.11"]
[Round "3"]
[White "Capamuerte"]
[Black "gametracker"]
[Result "1-0"]
[WhiteElo "2239"]
[BlackElo "2055"]
[Opening "Réti: Nimzovich-Larsen attack"]
[ECO "A01"]
[Time "18:13:13"]
[TimeControl "2700+45"]

1. b3 d5 2. Nf3 c5 3. e3 Bg4 4. h3 Bh5 5. Bd3 Nc6 6. O-O e5 7. e4 f5 8. exd5
Qxd5 9. Nc3 Qe6 10. Bb2 O-O-O 11. Be2 Qh6 12. Nxe5 Nxe5 13. Bxh5 Nf6 14. Be2
Rxd2 15. Qe1 Rxc2 16. Bd1 Rxb2 17. Qxe5 Rd2 18. Nb5 Rd7 19. Bf3 a6 20. Na7+ Kd8
21. Rad1 {Black resigns} 1-0

[Event "Team 45 45 League T37"]
[Site "Internet Chess Club"]
[Date "2008.05.12"]
[Round "3"]
[White "andrew28"]
[Black "QuietSet"]
[Result "1-0"]
[WhiteElo "1791"]
[BlackElo "1905"]
[Opening "QGD: 3...Nf6"]
[ECO "D35"]
[Time "17:59:17"]
[TimeControl "2700+45"]

1. d4 d5 2. c4 e6 3. Nc3 Nf6 4. g3 dxc4 5. Bg2 c6 6. Nf3 Nbd7 7. O-O Be7 8. Nd2
O-O 9. Nxc4 Qc7 10. Bf4 Qd8 11. e4 b6 12. Rc1 Bb7 13. Qe2 Rc8 14. Nd6 Bxd6 15.
Bxd6 Re8 16. e5 Nd5 17. Ne4 f5 18. Nd2 {Black forfeits on time} 1-0

[Event "Team 45 45 League T37"]
[Site "Internet Chess Club"]
[Date "2008.05.10"]
[Round "3"]
[White "expatriot"]
[Black "Gokhtra"]
[Result "1-0"]
[WhiteElo "2109"]
[BlackElo "2270"]
[Opening "English: symmetrical variation"]
[ECO "A38"]
[Time "23:20:22"]
[TimeControl "2700+45"]

1. Nf3 c5 2. c4 Nf6 3. Nc3 Nc6 4. g3 g6 5. Bg2 Bg7 6. d4 cxd4 7. Nxd4 O-O 8. O-O
d6 9. Nxc6 bxc6 10. Bxc6 Rb8 11. Bg2 Qa5 12. Qd2 Be6 13. b3 Qh5 14. Qg5 Qxg5 15.
Bxg5 h6 16. Bd2 Rfc8 17. Rac1 Kf8 18. Be3 a6 19. Ba7 Rb4 20. Nd5 Nxd5 21. cxd5
Rxc1 22. Rxc1 Bd7 23. Be3 Rb7 24. Bd2 Ke8 25. Bc3 Rc7 26. Bb2 Rxc1+ 27. Bxc1 e6
28. dxe6 fxe6 29. Bb7 Bb5 30. Kf1 Kd7 31. a4 Kc7 32. axb5 Kxb7 33. bxa6+ Kxa6
34. Ke1 Kb5 35. Kd1 d5 36. Kc2 e5 37. Bb2 d4 38. e3 Kb4 39. exd4 exd4 40. Kd3
Kxb3 41. Bxd4 Bf8 42. g4 Kb4 43. Ke4 g5 44. Kd5 Kb5 45. Bf6 Bc5 46. Bg7 Bxf2 47.
Bxh6 Bh4 48. Ke5 Kc6 49. Kf5 Kd7 50. Bxg5 Bf2 51. h4 Ke8 52. Kg6 Kf8 53. h5 Kg8
54. Bf6 {Black resigns} 1-0

[Event "Team 45 45 League T37"]
[Site "Internet Chess Club"]
[Date "2008.05.11"]
[Round "3"]
[White "shakkimestari"]
[Black "HuevosDeLeon"]
[Result "1-0"]
[WhiteElo "2066"]
[BlackElo "2082"]
[Opening "Scotch: Steinitz variation"]
[ECO "C45"]
[Time "03:00:22"]
[TimeControl "2700+45"]

1. e4 e5 2. Nf3 Nc6 3. d4 exd4 4. Nxd4 Qh4 5. Nc3 Bb4 6. Be2 Qxe4 7. Nb5 Bxc3+
8. bxc3 Kd8 9. O-O a6 10. Bf3 Qg6 11. Nd4 Nge7 12. Re1 Nxd4 13. cxd4 d6 14. c4
h5 15. c5 d5 16. Re5 Bg4 17. Qe2 Bxf3 18. Qxf3 f6 19. Re2 Re8 20. Ba3 Qf5 21.
Qb3 Rb8 22. Rae1 Kd7 23. Rxe7+ Rxe7 24. c6+ Kxc6 25. Qc3+ Kb5 26. Qc5+ Ka4 27.
Qb4# {Black checkmated} 1-0

[Event "Team 45 45 League T37"]
[Site "Internet Chess Club"]
[Date "2008.05.09"]
[Round "3"]
[White "frank001"]
[Black "saksipotku"]
[Result "0-1"]
[WhiteElo "1780"]
[BlackElo "1944"]
[Opening "Queen's pawn game"]
[ECO "D00"]
[Time "12:03:16"]
[TimeControl "2700+45"]

1. d4 d5 2. e3 Bf5 3. Bd3 Bxd3 4. Qxd3 c6 5. Nd2 Nf6 6. c3 e6 7. f4 Be7 8. Ngf3
Nbd7 9. O-O O-O 10. Ne5 Nxe5 11. fxe5 Nd7 12. e4 Nb6 13. exd5 cxd5 14. Rf3 f5
15. exf6 Bxf6 16. Rh3 g6 17. Nf3 Nc4 18. Qe2 Qe7 19. Bh6 Rf7 20. Re1 Re8 21. Bf4
Bxd4+ 22. Nxd4 Rxf4 23. b3 Re4 24. Qd1 Rxe1+ 25. Qxe1 Nd6 26. Nf3 e5 27. Qd2 d4
28. cxd4 exd4 29. Qxd4 Qe3+ 30. Qxe3 Rxe3 31. Ng5 Rxh3 32. Nxh3 Ne4 33. Nf2 Nc3
34. a4 Kf7 35. Kf1 Ke6 36. Ke1 Ke5 37. Nd3+ Kd4 38. Kd2 Nd5 39. Ne1 h6 40. Nf3+
Ke4 41. Ke2 Nf4+ 42. Kf2 Nd3+ 43. Kf1 Nc5 44. Nd2+ Ke3 45. Ke1 Nd3+ 46. Kd1 Kf2
47. g4 Kg2 48. Ke2 Ne5 49. g5 hxg5 50. Ne4 g4 51. Nd6 b6 52. Nb5 Kxh2 53. Nxa7
g3 {White resigns} 0-1